[Event "SVK Extraliga 2019-20"]
[Site "Slovakia"]
[Date "2020.01.19"]
[Round "6.8"]
[White "Zetocha, Claudiu"]
[Black "Borhy, Marcell"]
[Result "1/2-1/2"]
[ECO "A05"]
[WhiteElo "2302"]
[BlackElo "2215"]
[Annotator "ChessBase"]
[PlyCount "42"]
[EventDate "2019.10.19"]
[EventType "team-tourn"]
[EventCountry "SVK"]
[SourceTitle "playchess.com"]
[Source "ChessBase"]
[SourceQuality "1"]
[WhiteTeam "Slovan"]
[BlackTeam "Streda"]
[TimeControl "40/5400+30:1800+30"]

1. Nf3 Nf6 2. c4 c6 3. b3 d6 4. Bb2 e5 5. d3 g6 6. Nbd2 Nbd7 7. Qc2 Bg7 8. e3 O-O 9. Be2 Re8 10. O-O b6 11. b4 Bb7 12. a4 c5 13. b5 a5 14. Rfd1 Qc7 15. Rac1 Nf8 16. Ng5 h6 17. Nge4 N6h7 18. Bf3 Rad8 19. Nc3 Bxf3 20. Nxf3 Nf6 21. Nd2 Qb7 1/2-1/2

[Event "SVK Extraliga 2019-20"]
[Site "Slovakia"]
[Date "2020.01.20"]
[Round "6.8"]
[White "Banas, Kamil"]
[Black "Jurcik, Martin"]
[Result "0-1"]
[ECO "B06"]
[WhiteElo "2261"]
[BlackElo "2372"]
[Annotator "ChessBase"]
[PlyCount "70"]
[EventDate "2019.10.19"]
[EventType "team-tourn"]
[EventCountry "SVK"]
[SourceTitle "playchess.com"]
[Source "ChessBase"]
[SourceQuality "1"]
[WhiteTeam "Modra"]
[BlackTeam "Zilina"]
[WhiteTeamCountry "SVK"]
[BlackTeamCountry "SVK"]
[TimeControl "40/5400+30:1800+30"]

1. e4 g6 2. d4 Bg7 3. Nc3 d6 4. f4 a6 5. Nf3 b5 6. Bd3 Bb7 7. O-O Nd7 8. e5 c5 9. exd6 cxd4 10. dxe7 Nxe7 11. Ne2 Nc5 12. b4 Nxd3 13. Qxd3 Nf5 14. Bb2 Bxf3 15. Rxf3 O-O 16. Rd1 Rc8 17. Rf2 Re8 18. h3 Ne3 19. Rc1 Rxc2 20. Rxc2 Nxc2 21. a3 Qc7 22. Nc1 Re1+ 23. Kh2 Ne3 24. Nb3 Qc4 25. Nc5 Qxd3 26. Nxd3 Rd1 27. Nc5 Nf1+ 28. Kg1 Ne3+ 29. Kh2 Nf1+ 30. Kg1 Nd2+ 31. Kh2 Nc4 32. g4 d3 33. Bxg7 Kxg7 34. f5 d2 35. f6+ Kf8 0-1

[Event "SVK Extraliga 2019-20"]
[Site "Slovakia"]
[Date "2020.01.19"]
[Round "6.8"]
[White "Kusiak, Matej"]
[Black "Sepesi, Samuel"]
[Result "1-0"]
[ECO "B31"]
[WhiteElo "2245"]
[BlackElo "2169"]
[Annotator "NA"]
[PlyCount "119"]
[EventDate "2019.10.19"]
[EventType "team-tourn"]
[EventCountry "SVK"]
[SourceTitle "playchess.com"]
[Source "ChessBase"]
[SourceQuality "1"]
[WhiteTeam "Prakovce"]
[BlackTeam "Snina"]
[TimeControl "40/5400+30:1800+30"]

1. e4 c5 2. Nf3 Nc6 3. Bb5 g6 4. Bxc6 bxc6 5. O-O Bg7 6. d3 Nh6 7. Re1 O-O 8. Nbd2 f5 9. e5 Nf7 10. Nc4 Qc7 (10... d5 $5 11. Ncd2 Qb6 $11) 11. Bf4 d6 $16 12. Qd2 Ba6 13. Qa5 Qxa5 14. Nxa5 Rac8 15. Rad1 Rc7 16. Nc4 Rb7 17. b3 Bxc4 18. dxc4 g5 19. Nxg5 Nxg5 20. Bxg5 Bxe5 21. f4 Bf6 22. Re6 Kf7 23. Rde1 Bxg5 24. fxg5 Rg8 25. Rh6 Rxg5 26. Rxh7+ Rg7 27. Rh5 Kg6 28. Rh8 Rc7 29. Re6+ Kf7 30. Reh6 Rg8 31. Kf2 Rcc8 32. R8h7+ Rg7 33. Kf3 Re8 34. Rh8 Rxh8 35. Rxh8 e5 36. g3 Rg8 37. Rxg8 Kxg8 38. c3 a5 39. a3 d5 40. cxd5 cxd5 41. Ke2 d4 42. b4 dxc3 43. bxa5 f4 44. a6 f3+ 45. Kxf3 c2 46. a7 c1=Q 47. a8=Q+ Kg7 48. Qb7+ Kf6 49. Qa6+ Ke7 50. Ke4 Qc3 51. Qb7+ Kf6 52. Qc6+ Ke7 53. Kf5 Qxa3 54. Qc7+ Kf8 55. Qd8+ Kf7 56. Qf6+ Kg8 57. Qe6+ Kf8 58. Qxe5 Qd3+ 59. Ke6 c4 60. Qh8# 1-0

[Event "SVK Extraliga 2019-20"]
[Site "Slovakia"]
[Date "2020.01.19"]
[Round "6.8"]
[White "Macko, Michal"]
[Black "Popovic, Martin"]
[Result "0-1"]
[ECO "B45"]
[WhiteElo "2168"]
[BlackElo "2037"]
[Annotator "NA"]
[PlyCount "54"]
[EventDate "2019.10.19"]
[EventType "team-tourn"]
[EventCountry "SVK"]
[SourceTitle "playchess.com"]
[Source "ChessBase"]
[SourceQuality "1"]
[WhiteTeam "Liptovska"]
[BlackTeam "Košice"]
[TimeControl "40/5400+30:1800+30"]

1. e4 c5 2. Nc3 e6 3. Nf3 Nc6 4. d4 cxd4 5. Nxd4 Nf6 6. Nxc6 bxc6 7. e5 Nd5 8. Ne4 Qc7 9. f4 Rb8 10. c4 Bb4+ 11. Ke2 Nb6 12. c5 Nd5 13. Qd4 O-O 14. a3 Ba5 15. b4 Bxb4 16. Kf2 Ba5 17. Bc4 f6 18. exf6 Nxf6 19. Nd6 Bc3 20. Qxc3 Qxd6 21. Kf3 Qc7 22. Bb2 Rf7 23. Qe5 d6 24. cxd6 Qb7 25. Rab1 c5+ 26. Kg3 Ne4+ 27. Kh3 Nf2+ 0-1

[Event "SVK Extraliga 2019-20"]
[Site "Slovakia"]
[Date "2020.01.19"]
[Round "6.8"]
[White "Kovacik, Emil"]
[Black "Magat, Jozef"]
[Result "1-0"]
[ECO "B06"]
[WhiteElo "2109"]
[BlackElo "2053"]
[Annotator "NA"]
[PlyCount "75"]
[EventDate "2019.10.19"]
[EventType "team-tourn"]
[EventCountry "SVK"]
[SourceTitle "playchess.com"]
[Source "ChessBase"]
[SourceQuality "1"]
[WhiteTeam "Dubnica"]
[BlackTeam "Dunajov"]
[TimeControl "40/5400+30:1800+30"]

1. e4 g6 2. d4 Bg7 3. Nc3 d6 4. f4 c5 5. dxc5 Bxc3+ 6. bxc3 dxc5 7. Qxd8+ Kxd8 8. Be3 b6 9. Bc4 e6 10. O-O-O+ Ke7 11. Bf2 Bb7 12. Bh4+ f6 13. Nf3 Nc6 14. e5 Rd8 15. Rde1 Bc8 16. exf6+ Nxf6 17. Ng5 Rd6 18. Ne4 Rf8 19. Nxf6 Rxf6 20. Rd1 Rxd1+ 21. Rxd1 Kf7 22. Bxf6 Kxf6 23. Bb5 Ne7 24. g3 Nd5 25. Kd2 Bb7 26. c4 Ne7 27. Ke2 Bc8 28. Rd8 e5 29. Rd6+ Kf7 30. fxe5 Be6 31. Kd3 Nf5 32. Rc6 Nd4 33. Rc7+ Kg8 34. Bd7 Kf7 35. Bc8+ Kf8 36. Bxe6 Nxe6 37. Rxa7 Ng5 38. Ke3 1-0

[Event "SVK Extraliga 2019-20"]
[Site "Slovakia"]
[Date "2020.01.19"]
[Round "6.8"]
[White "Macko, Peter"]
[Black "Szucs, Vladimir"]
[Result "1/2-1/2"]
[ECO "C12"]
[WhiteElo "2053"]
[BlackElo "2139"]
[Annotator "NA"]
[PlyCount "84"]
[EventDate "2019.10.19"]
[EventType "team-tourn"]
[EventCountry "SVK"]
[SourceTitle "playchess.com"]
[Source "ChessBase"]
[SourceQuality "1"]
[WhiteTeam "Bratislava"]
[BlackTeam "Podhajska"]
[TimeControl "40/5400+30:1800+30"]

1. e4 e6 2. d4 d5 3. Nc3 Nf6 4. Bg5 Bb4 5. e5 h6 6. Bd2 Bxc3 7. bxc3 Ne4 8. Bd3 Nxd2 9. Qxd2 c5 10. f4 Nc6 11. Nf3 Qb6 12. Be2 Qa5 13. O-O cxd4 14. Nxd4 Nxd4 15. Qxd4 O-O 16. Qb4 Qc7 17. c4 dxc4 18. Bxc4 Bd7 19. Rad1 Rac8 20. Bb3 Bc6 21. Rf2 Rfd8 22. Rfd2 Rxd2 23. Qxd2 Qb6+ 24. Qf2 Rd8 25. Rxd8+ Qxd8 26. h3 b6 27. f5 exf5 28. Qxf5 Qd4+ 29. Kh1 Bd5 30. Kh2 Qe4 31. Qxe4 Bxe4 32. Kg3 Kf8 33. Kf2 Ke7 34. g3 f6 35. Ke3 Bg2 36. exf6+ Kxf6 37. h4 Ke5 38. a3 g5 39. hxg5 hxg5 40. Bc4 a5 41. Be2 Bc6 42. Bd3 Bd5 {[%emt 0:00:59] Ke4+} 1/2-1/2

[Event "SVK Extraliga 2019-20"]
[Site "Slovakia"]
[Date "2020.02.29"]
[Round "7.5"]
[White "Dovzik, Juri"]
[Black "Vojtek, Vladimir"]
[Result "1-0"]
[ECO "A22"]
[WhiteElo "2274"]
[BlackElo "2252"]
[Annotator "ChessBase"]
[PlyCount "124"]
[EventDate "2019.10.19"]
[EventType "team-tourn"]
[EventCountry "SVK"]
[SourceTitle "playchess.com"]
[Source "ChessBase"]
[SourceQuality "1"]
[WhiteTeam "Kosice"]
[BlackTeam "Dubnica"]
[TimeControl "40/5400+30:1800+30"]

1. c4 e5 2. Nc3 Nf6 3. e3 d5 4. cxd5 Nxd5 5. Nf3 Nxc3 6. bxc3 Bd6 7. d4 Nd7 8. Be2 O-O 9. O-O Re8 10. a4 Qe7 11. a5 Rb8 12. Re1 h6 13. e4 c6 14. Bf1 b5 15. axb6 axb6 16. h3 b5 17. Rb1 Rd8 18. Qc2 Qf6 19. Be3 Bb7 20. c4 bxc4 21. Bxc4 Ba8 22. Rxb8 Rxb8 23. Rb1 Rf8 24. Rd1 Bc7 25. Qa2 exd4 26. Bxd4 Ne5 27. Nxe5 Bxe5 28. Bxe5 Qxe5 29. Bxf7+ Kh8 30. f3 Bb7 31. Be6 Ra8 32. Qb3 Ba6 33. Bf5 Bb5 34. Qf7 Qg3 35. Qe7 Qb8 36. e5 Bc4 37. Be4 Bg8 38. Rd7 Qf8 39. Qxf8 Rxf8 40. Bxc6 Re8 41. f4 g5 42. g3 gxf4 43. gxf4 Rf8 44. Rd4 Rc8 45. Bf3 Kg7 46. Bg4 Rc3 47. Rd7+ Kf8 48. e6 h5 49. e7+ Ke8 50. Bxh5+ Bf7 51. Bxf7+ Kxf7 52. Kg2 Rb3 53. Rc7 Ra3 54. h4 Ke8 55. f5 Kf7 56. f6 Ra8 57. Rc6 Ra2+ 58. Kf3 Ra3+ 59. Ke4 Ra4+ 60. Ke5 Ra5+ 61. Kd6 Ra8 62. Kd7 Ra1 1-0

[Event "SVK Extraliga 2019-20"]
[Site "Slovakia"]
[Date "2020.02.29"]
[Round "7.5"]
[White "Holtman, Teodor"]
[Black "Federic, Jozef"]
[Result "1/2-1/2"]
[ECO "B45"]
[WhiteElo "2252"]
[BlackElo "2221"]
[Annotator "ChessBase"]
[PlyCount "55"]
[EventDate "2019.10.19"]
[EventType "team-tourn"]
[EventCountry "SVK"]
[SourceTitle "playchess.com"]
[Source "ChessBase"]
[SourceQuality "1"]
[WhiteTeam "Snina"]
[BlackTeam "Modra"]
[TimeControl "40/5400+30:1800+30"]

1. e4 c5 2. Nc3 e6 3. Nf3 Nc6 4. d4 cxd4 5. Nxd4 Nf6 6. Nxc6 bxc6 7. e5 Nd5 8. Ne4 Qc7 9. f4 Qb6 10. a3 f5 11. exf6 Nxf6 12. Nxf6+ gxf6 13. Qh5+ Ke7 14. Be2 Ba6 15. c4 d5 16. Bd2 Re8 17. O-O-O Kd7 18. f5 e5 19. Qf7+ Re7 20. Qxf6 Bg7 21. Qh4 Rb8 22. Bb4 Qe3+ 23. Kb1 Rxb4 24. axb4 Qxe2 25. f6 Bxf6 26. Qxf6 Bxc4 27. Qf5+ Kd6 28. Qf6+ 1/2-1/2

[Event "SVK Extraliga 2019-20"]
[Site "Slovakia"]
[Date "2020.02.29"]
[Round "7.7"]
[White "Kostelny, Jozef"]
[Black "Bochnickova, Simona"]
[Result "1-0"]
[ECO "D36"]
[WhiteElo "2147"]
[BlackElo "1655"]
[Annotator "ChessBase"]
[PlyCount "55"]
[EventDate "2019.10.19"]
[EventType "team-tourn"]
[EventCountry "SVK"]
[SourceTitle "playchess.com"]
[Source "ChessBase"]
[SourceQuality "1"]
[WhiteTeam "Zilina"]
[BlackTeam "Bratislava"]
[TimeControl "40/5400+30:1800+30"]

1. d4 d5 2. c4 e6 3. cxd5 exd5 4. Nc3 Nf6 5. Bg5 Be7 6. Qc2 c6 7. e3 O-O 8. Bd3 Nbd7 9. Nf3 Re8 10. h3 Nf8 11. O-O-O g6 12. Kb1 Ne6 13. h4 b5 14. Ne5 Qd6 15. Bxf6 Bxf6 16. h5 Bxe5 17. dxe5 Qxe5 18. hxg6 fxg6 19. Rxh7 Kxh7 20. Bxg6+ Kg7 21. Bxe8 Ng5 22. Bg6 Qf6 23. Bd3 a6 24. f4 Ne6 25. g4 d4 26. Ne4 Qe7 27. f5 Ng5 28. f6+ 1-0

[Event "SVK Extraliga 2019-20"]
[Site "Slovakia"]
[Date "2020.02.29"]
[Round "7.7"]
[White "Pcola st., Jaroslav"]
[Black "Sobek, Michal"]
[Result "0-1"]
[ECO "B34"]
[WhiteElo "2076"]
[BlackElo "2036"]
[Annotator "ChessBase"]
[PlyCount "106"]
[EventDate "2019.10.19"]
[EventType "team-tourn"]
[EventCountry "SVK"]
[SourceTitle "playchess.com"]
[Source "ChessBase"]
[SourceQuality "1"]
[WhiteTeam "Snina"]
[BlackTeam "Modra"]
[TimeControl "40/5400+30:1800+30"]

1. e4 c5 2. Nf3 Nc6 3. Nc3 g6 4. d4 cxd4 5. Nxd4 Bg7 6. Nxc6 bxc6 7. Bc4 d6 8. O-O Nf6 9. Bf4 O-O 10. Qd2 Qb6 11. Bb3 Ng4 12. h3 Ne5 13. Rfe1 Be6 14. Nd1 Rfd8 15. Qe2 Qa5 16. Bd2 Qc5 17. Be3 Qb4 18. Bd2 Qd4 19. Bc3 Qc5 20. Qe3 Qb5 21. a4 Qb6 22. Bxe6 fxe6 23. b3 Qxe3 24. Rxe3 c5 25. f4 Nc6 26. Bxg7 Kxg7 27. Nc3 Rab8 28. Rd1 Nd4 29. Rd2 Rf8 30. Rf2 c4 31. Nb5 cxb3 32. cxb3 Nxb5 33. axb5 Rxb5 34. Ra2 a5 35. f5 gxf5 36. exf5 Rfxf5 37. Rxe6 Rfe5 38. Rxe5 Rxe5 39. Kf2 Rb5 40. Ra4 Kf6 41. Ke2 e5 42. Ra3 Kf5 43. Ke3 d5 44. g3 Rc5 45. Kd2 Ke4 46. g4 d4 47. Ra1 Rc3 48. Rxa5 Rxb3 49. h4 Rb2+ 50. Kc1 Rg2 51. Ra7 Rxg4 52. Rxh7 Ke3 53. h5 d3 0-1

[Event "SVK Extraliga 2019-20"]
[Site "Slovakia"]
[Date "2020.02.29"]
[Round "7.8"]
[White "Borhy, Marcell"]
[Black "Danada, Tomas"]
[Result "1/2-1/2"]
[ECO "E11"]
[WhiteElo "2270"]
[BlackElo "2302"]
[Annotator "ChessBase"]
[PlyCount "180"]
[EventDate "2019.10.19"]
[EventType "team-tourn"]
[EventCountry "SVK"]
[SourceTitle "playchess.com"]
[Source "ChessBase"]
[SourceQuality "1"]
[WhiteTeam "Streda"]
[BlackTeam "Prakovce"]
[TimeControl "40/5400+30:1800+30"]

1. d4 Nf6 2. c4 e6 3. g3 Bb4+ 4. Bd2 Qe7 5. Nf3 O-O 6. Bg2 Nc6 7. Nc3 Bxc3 8. Bxc3 Ne4 9. Rc1 d6 10. d5 Nxc3 11. Rxc3 Nb8 12. b4 c6 13. O-O a5 14. Ra3 cxd5 15. cxd5 exd5 16. Qxd5 Qxe2 17. Re3 Qb2 18. Ng5 Qf6 19. Ne4 Qd8 20. Nxd6 axb4 21. Re8 Qxe8 22. Nxe8 Rxe8 23. Qb5 Nc6 24. Bd5 Re5 25. Rd1 g6 26. Qb6 Be6 27. Bb3 Bxb3 28. axb3 Re7 29. Kg2 Ra3 30. Rd6 Kg7 31. Qc5 Ra5 32. Qc1 h5 33. h3 Kh7 34. Qf4 Rf5 35. Qc4 Kg7 36. g4 Rfe5 37. Qd3 Kg8 38. Kg3 Kg7 39. Qd2 Kh7 40. Qf4 Kg7 41. Qf6+ Kg8 42. gxh5 gxh5 43. Kh4 R7e6 44. Rxe6 Rxe6 45. Qg5+ Rg6 46. Qf4 Ne7 47. Qe4 Nc6 48. Kxh5 Re6 49. Qf4 Rg6 50. Qc7 Kg7 51. Kh4 Kf6 52. f4 Kg7 53. f5 Rg1 54. Qxb7 Ne5 55. Qe7 Nf3+ 56. Kh5 Rg5+ 57. Qxg5+ Nxg5 58. Kxg5 f6+ 59. Kh5 Kh7 60. Kh4 Kg7 61. Kg4 Kh6 62. Kh4 Kg7 63. Kg3 Kh6 64. Kg4 Kg7 65. Kh5 Kh7 66. Kh4 Kg7 67. Kg3 Kh6 68. h4 Kg7 69. Kf4 Kh6 70. Kf3 Kh5 71. Kg3 Kh6 72. Kg4 Kg7 73. Kf4 Kh6 74. Kg3 Kh5 75. Kh3 Kh6 76. Kg4 Kg7 77. Kf3 Kh6 78. Ke4 Kh5 79. Kd5 Kxh4 80. Kc4 Kg5 81. Kxb4 Kxf5 82. Kc5 Ke4 83. b4 f5 84. b5 f4 85. b6 f3 86. b7 f2 87. b8=Q f1=Q 88. Qe8+ Kf3 89. Qf7+ Ke2 90. Qxf1+ Kxf1 1/2-1/2

[Event "SVK Extraliga 2019-20"]
[Site "Slovakia"]
[Date "2020.02.29"]
[Round "7.8"]
[White "Petran, Peter"]
[Black "Magat, Jozef"]
[Result "1-0"]
[ECO "A00"]
[WhiteElo "2261"]
[BlackElo "2037"]
[Annotator "ChessBase"]
[PlyCount "83"]
[EventDate "2019.10.19"]
[EventType "team-tourn"]
[EventCountry "SVK"]
[SourceTitle "playchess.com"]
[Source "ChessBase"]
[SourceQuality "1"]
[WhiteTeam "Slovan"]
[BlackTeam "Dunajov"]
[TimeControl "40/5400+30:1800+30"]

1. g3 d5 2. Bg2 e5 3. c4 d4 4. d3 Nc6 5. Nf3 f6 6. O-O Be6 7. e3 Qd7 8. exd4 exd4 9. Re1 O-O-O 10. a3 Bh3 11. Bh1 g5 12. b4 Bg4 13. b5 Nb8 14. Nbd2 h5 15. Bb2 Bc5 16. Nb3 Qf5 17. h3 Bxh3 18. Nfxd4 Bxd4 19. Nxd4 Qd7 20. Qf3 c6 21. bxc6 Nxc6 22. Nxc6 bxc6 23. Qxc6+ Qxc6 24. Bxc6 h4 25. d4 Nh6 26. d5 Rhf8 27. Re7 Bd7 28. Rae1 hxg3 29. fxg3 Nf5 30. Rxd7 Rxd7 31. Bxd7+ Kxd7 32. Kf2 g4 33. Rh1 Rc8 34. Rh5 Nd6 35. Rh7+ Ke8 36. Ke2 Rxc4 37. Bxf6 Nb5 38. Kd3 Ra4 39. Be5 Nxa3 40. d6 Ra6 41. Kd4 Nb5+ 42. Kd5 1-0

[Event "SVK Extraliga 2019-20"]
[Site "Slovakia"]
[Date "2020.02.29"]
[Round "7.8"]
[White "Federic, Pavol"]
[Black "Rajnak, Daniel"]
[Result "1-0"]
[ECO "C01"]
[WhiteElo "2120"]
[BlackElo "2127"]
[Annotator "ChessBase"]
[PlyCount "75"]
[EventDate "2019.10.19"]
[EventType "team-tourn"]
[EventCountry "SVK"]
[SourceTitle "playchess.com"]
[Source "ChessBase"]
[SourceQuality "1"]
[WhiteTeam "Modra"]
[BlackTeam "Snina"]
[TimeControl "40/5400+30:1800+30"]

1. e4 e6 2. d4 d5 3. exd5 exd5 4. c4 Nf6 5. Nc3 Be7 6. Nf3 O-O 7. Qb3 dxc4 8. Bxc4 Nc6 9. O-O Na5 10. Qa4 Nxc4 11. Qxc4 c6 12. Re1 Be6 13. Rxe6 fxe6 14. Ng5 Qe8 15. Nxe6 Qf7 16. Qe2 Rfc8 17. Ng5 Qg6 18. Qc4+ Kf8 19. Ne6+ Ke8 20. Bf4 Kd7 21. Re1 Nh5 22. Nd5 Nxf4 23. Nexf4 cxd5 24. Qxd5+ Qd6 25. Qxb7+ Kd8 26. g3 Rab8 27. Qxa7 Ra8 28. Qb7 Rab8 29. Qe4 Bf6 30. b3 g5 31. Nd5 Qf8 32. Nxf6 Qxf6 33. Qe8+ Kc7 34. Re7+ Qxe7 35. Qxe7+ Kc6 36. Qxg5 Rd8 37. Qc5+ Kb7 38. b4 1-0

[Event "SVK Extraliga 2019-20"]
[Site "Slovakia"]
[Date "2020.02.29"]
[Round "7.8"]
[White "Striskova, Lucia"]
[Black "Kopera, Michal"]
[Result "1/2-1/2"]
[ECO "C45"]
[WhiteElo "1649"]
[BlackElo "2159"]
[Annotator "ChessBase"]
[PlyCount "72"]
[EventDate "2019.10.19"]
[EventType "team-tourn"]
[EventCountry "SVK"]
[SourceTitle "playchess.com"]
[Source "ChessBase"]
[SourceQuality "1"]
[WhiteTeam "Bratislava"]
[BlackTeam "Zilina"]
[TimeControl "40/5400+30:1800+30"]

1. e4 e5 2. Nf3 Nc6 3. d4 exd4 4. Nxd4 Nf6 5. Nxc6 bxc6 6. e5 Qe7 7. Qe2 Nd5 8. c4 Ba6 9. b3 g6 10. Ba3 Qg5 11. Bxf8 Kxf8 12. Qb2 Ne7 13. e6 f6 14. exd7 Kf7 15. Nd2 Qg4 16. f3 Qxd7 17. Ne4 Qe6 18. O-O-O Rad8 19. Bd3 Qe5 20. Qxe5 fxe5 21. Rd2 Nf5 22. Nc5 Bc8 23. Bxf5 gxf5 24. Rhd1 Rxd2 25. Rxd2 Rg8 26. Kb2 Ke7 27. Kc3 h5 28. Nd3 Kf6 29. Re2 Re8 30. h4 Re6 31. Nc5 Re7 32. Kb4 Rg7 33. Nd3 Re7 34. Nc5 Rg7 35. Nd3 Re7 36. Nc5 Rg7 1/2-1/2

[Event "SVK Extraliga 2019-20"]
[Site "Slovakia"]
[Date "2020.03.01"]
[Round "8.5"]
[White "Vojtek, Vladimir"]
[Black "Holtman, Teodor"]
[Result "1-0"]
[ECO "C10"]
[WhiteElo "2252"]
[BlackElo "2252"]
[Annotator "ChessBase"]
[PlyCount "156"]
[EventDate "2019.10.19"]
[EventType "team-tourn"]
[EventCountry "SVK"]
[SourceTitle "playchess.com"]
[Source "ChessBase"]
[SourceQuality "1"]
[WhiteTeam "Dubnica"]
[BlackTeam "Snina"]
[TimeControl "40/5400+30:1800+30"]

1. e4 e6 2. d4 d5 3. Nc3 Nc6 4. Nf3 Nf6 5. e5 Ne4 6. Ne2 f6 7. Nf4 Be7 8. Bb5 O-O 9. O-O fxe5 10. dxe5 Ng5 11. Bxc6 Nxf3+ 12. Qxf3 bxc6 13. Qg4 Rf5 14. Nh5 Qf8 15. Ng3 Rf7 16. Be3 c5 17. c3 Bd7 18. Rad1 Qc8 19. Rd2 a5 20. h4 Kh8 21. Bg5 a4 22. Bxe7 Rxe7 23. a3 Rb8 24. Nh5 Qf8 25. Nf4 Rf7 26. g3 Qe7 27. Kg2 Rf5 28. Re1 Rbf8 29. Nh3 Be8 30. Qd1 Bc6 31. f4 Qd7 32. Kh2 Rd8 33. Qe2 Bb5 34. Qf2 Qe7 35. Ng5 Rff8 36. Red1 Bc4 37. Qf3 h6 38. Nh3 Bb3 39. Re1 d4 40. Ree2 Bc4 41. Rf2 Bb5 42. Qd1 Qd7 43. f5 exf5 44. Nf4 Kg8 45. e6 Qd6 46. cxd4 cxd4 47. e7 Qxe7 48. Ng6 Qc5 49. Nxf8 Kxf8 50. Qc2 Qxc2 51. Rxc2 Bd3 52. Rxc7 Be4 53. Rd2 d3 54. Kg1 g5 55. Kf2 Rd6 56. Ke3 gxh4 57. gxh4 Rg6 58. Rc4 Rg3+ 59. Kf4 Rg4+ 60. Ke5 Rg1 61. Rxa4 Re1 62. Kf6 Re2 63. Rb4 Ke8 64. Rd1 f4 65. Rxe4+ Rxe4 66. Rxd3 f3 67. Rxf3 Rxh4 68. Ke6 Ra4 69. Kd6 Ra6+ 70. Kc7 h5 71. b4 Ra7+ 72. Kc8 Ke7 73. b5 Kd6 74. Kb8 Rh7 75. b6 h4 76. b7 Rh5 77. Ka7 Rh7 78. Ka8 Kd5 1-0

[Event "SVK Extraliga 2019-20"]
[Site "Slovakia"]
[Date "2020.03.01"]
[Round "8.5"]
[White "Federic, Jozef"]
[Black "Dovzik, Juri"]
[Result "1/2-1/2"]
[ECO "B47"]
[WhiteElo "2221"]
[BlackElo "2274"]
[Annotator "ChessBase"]
[PlyCount "88"]
[EventDate "2019.10.19"]
[EventType "team-tourn"]
[EventCountry "SVK"]
[SourceTitle "playchess.com"]
[Source "ChessBase"]
[SourceQuality "1"]
[WhiteTeam "Modra"]
[BlackTeam "Kosice"]
[TimeControl "40/5400+30:1800+30"]

1. e4 c5 2. Nf3 e6 3. d4 cxd4 4. Nxd4 Nc6 5. Nc3 Qc7 6. f4 d6 7. Nxc6 bxc6 8. Be2 Nf6 9. O-O d5 10. exd5 cxd5 11. Kh1 Be7 12. Be3 O-O 13. Bd4 Ne4 14. Bd3 f5 15. Qe1 Bf6 16. Nb5 Qb8 17. Qe3 a6 18. Bxe4 fxe4 19. Bxf6 Rxf6 20. Nd4 Bd7 21. b3 Qd6 22. Kg1 Raf8 23. g3 e5 24. fxe5 Qxe5 25. h4 Bg4 26. Rxf6 Qxf6 27. c3 h6 28. Kg2 Bf3+ 29. Kh3 g5 30. Rg1 Rf7 31. a4 Rg7 32. b4 Qg6 33. Kh2 gxh4 34. gxh4 Bg4 35. Qg3 h5 36. Qe5 Qf7 37. Rg2 Rg6 38. Kg1 Rf6 39. Kh2 Rf2 40. a5 Kh7 41. Kg3 Rf1 42. Kh2 Rf2 43. Kg1 Rf4 44. Kh2 Rf2 1/2-1/2

[Event "SVK Extraliga 2019-20"]
[Site "Slovakia"]
[Date "2020.03.01"]
[Round "8.5"]
[White "Bochnickova, Andrea"]
[Black "Pniaczek, Marek"]
[Result "1-0"]
[ECO "B47"]
[WhiteElo "2122"]
[BlackElo "2114"]
[Annotator "ChessBase"]
[PlyCount "92"]
[EventDate "2019.10.19"]
[EventType "team-tourn"]
[EventCountry "SVK"]
[SourceTitle "playchess.com"]
[Source "ChessBase"]
[SourceQuality "1"]
[WhiteTeam "Bratislava"]
[BlackTeam "Dunajov"]
[TimeControl "40/5400+30:1800+30"]

1. e4 c5 2. Nf3 e6 3. d4 cxd4 4. Nxd4 Nc6 5. Nc3 Qc7 6. g3 a6 7. Bg2 Nf6 8. O-O h5 9. h4 Nxd4 10. Qxd4 Bc5 11. Qd3 Ng4 12. Na4 Ba7 13. c4 b5 14. cxb5 axb5 15. Qc3 Qxc3 16. Nxc3 Ba6 17. Nd1 b4 18. Re1 Ne5 19. Be3 Nd3 20. Re2 Nf4 21. Rd2 Nxg2 22. Kxg2 Bb7 23. f3 Ke7 24. Bxa7 Rxa7 25. Rd4 b3 26. a3 d5 27. Rc1 Ba8 28. exd5 Bxd5 29. Ne3 Rd8 30. Nxd5+ Rxd5 31. Rxd5 exd5 32. Kf2 Kd6 33. Rc3 Rb7 34. Ke3 Re7+ 35. Kd4 Re2 36. Rxb3 Rd2+ 37. Ke3 Rg2 38. a4 Rxg3 39. a5 Rg1 40. a6 Re1+ 41. Kd4 Rd1+ 42. Rd3 Ra1 43. Ra3 Rxa3 44. bxa3 Kc6 45. f4 f6 46. f5 Kd6 {Ke4} 1-0

[Event "SVK Extraliga 2019-20"]
[Site "Slovakia"]
[Date "2020.03.01"]
[Round "8.6"]
[White "Krak, Tomas"]
[Black "Veres, Andrej"]
[Result "0-1"]
[ECO "A05"]
[WhiteElo "2331"]
[BlackElo "2234"]
[Annotator "ChessBase"]
[PlyCount "59"]
[EventDate "2019.10.19"]
[EventType "team-tourn"]
[EventCountry "SVK"]
[SourceTitle "playchess.com"]
[Source "ChessBase"]
[SourceQuality "1"]
[WhiteTeam "Snina"]
[BlackTeam "Dubnica"]
[TimeControl "40/5400+30:1800+30"]

1. Nf3 Nf6 2. c4 e6 3. g3 b6 4. Bg2 Bb7 5. O-O Be7 6. Nc3 O-O 7. Re1 d5 8. cxd5 exd5 9. d4 Na6 10. Bf4 c5 11. Rc1 Ne4 12. Nd2 g5 13. Be3 f5 14. Ndxe4 f4 15. Bd2 cxd4 16. Qb3 Kh8 17. Red1 dxe4 18. Nxe4 Nc5 19. Nxc5 Bxg2 20. Kxg2 bxc5 21. Qe6 Rf6 22. Qe4 Qf8 23. gxf4 Bd6 24. e3 gxf4 25. exf4 Re8 26. Qd5 Re2 27. Qf3 Rxd2 28. Rxd2 Bxf4 29. Qe2 Qh6 30. Ra1 0-1

[Event "SVK Extraliga 2019-20"]
[Site "Slovakia"]
[Date "2020.03.01"]
[Round "8.6"]
[White "Matejovic, Juraj"]
[Black "Walterova, Ema"]
[Result "1-0"]
[ECO "C68"]
[WhiteElo "2216"]
[BlackElo "1807"]
[Annotator "ChessBase"]
[PlyCount "109"]
[EventDate "2019.10.19"]
[EventType "team-tourn"]
[EventCountry "SVK"]
[SourceTitle "playchess.com"]
[Source "ChessBase"]
[SourceQuality "1"]
[WhiteTeam "Dunajov"]
[BlackTeam "Bratislava"]
[TimeControl "40/5400+30:1800+30"]

1. e4 e5 2. Nf3 Nc6 3. Bb5 a6 4. Bxc6 dxc6 5. O-O Qf6 6. d3 Bg4 7. Nbd2 Bc5 8. h3 Bxf3 9. Nxf3 Ne7 10. Qe1 Ng6 11. Qc3 Bb6 12. a4 a5 13. Ra3 O-O 14. Rb3 Rfe8 15. Bg5 Qd6 16. Be3 Bxe3 17. fxe3 b6 18. Qc4 h6 19. Rc3 c5 20. Ra3 Rad8 21. Raa1 Qe6 22. Nd2 Nf8 23. Rf3 f6 24. Qc3 Rd7 25. Raf1 Rf7 26. Nc4 Nd7 27. Qe1 Ref8 28. Qh4 Nb8 29. Qh5 Nc6 30. R1f2 Ne7 31. Qh4 Nc8 32. b3 Nd6 33. Nd2 f5 34. exf5 Rxf5 35. Rxf5 Nxf5 36. Qg4 Qc8 37. Qc4+ Kh8 38. Qe4 Ne7 39. Rxf8+ Qxf8 40. Qxe5 Qd8 41. Nf3 Nc6 42. Qc3 Nb4 43. Kf2 Qe7 44. e4 Qf7 45. g3 Qe6 46. Kg2 Kg8 47. h4 Kf8 48. Qd2 Qd6 49. h5 Kg8 50. Nh4 Qe5 51. c3 Nc6 52. Nf5 Nd8 53. Qf4 Qxc3 54. Ne7+ Kh7 55. Qf5+ 1-0